Map: Blackburn LE

Players

Trap

  • Race: Protoss Protoss

MaxPax - Winner!

  • Race: Protoss Protoss

Event: TSL 8

VOD

Have the link to the VOD?

Description

Time

  • Played on: Dec. 3, 2021, 9:17 a.m.
  • Length: 26:10

All games in this series

Show
View Real Time Build Order
Export as new Build Order

Trap Protoss 

Build Orders: Phoenix Opening 

Get SALT Encoding   

  12  0:00  Probe  
  13  0:12  Probe  
  14  0:19  Pylon  
  14  0:24  Probe  
  15  0:37  Probe (Chrono Boost)  
  15  0:39  Gateway  
  16  0:47  Assimilator, Probe (Chrono Boost)  
  17  0:52  Probe (Chrono Boost)  
  17  0:56  Assimilator  
  19  1:04  Probe (Chrono Boost)  
  19  1:06  Pylon  
  19  1:13  Probe (Chrono Boost)  
  20  1:18  Probe (Chrono Boost)  
  21  1:26  Cybernetics Core  
  21  1:30  Probe  
  22  1:33  Zealot  
  24  1:42  Probe  
  25  1:54  Probe  
  26  2:04  Stargate  
  26  2:05  Pylon  
  26  2:14  Warp Gate  
  26  2:26  Nexus  
  26  2:31  Probe  
  27  2:37  Shield Battery  
  27  2:43  Probe  
  28  2:47  Phoenix (Chrono Boost)  
  30  2:54  Pylon  
  30  2:57  Probe  
  31  3:10  Probe  
  31  3:11  Phoenix (Chrono Boost)  
  33  3:21  Stargate  
  33  3:22  Probe  
  34  3:29  Phoenix (Chrono Boost)  
  36  3:37  Assimilator  
  36  3:39  Probe  
  36  3:40  Probe  
  38  3:48  Phoenix (Chrono Boost)  
  38  3:54  Probe x2  
  39  4:07  Probe (Chrono Boost)  
  39  4:09  Stalker  
  44  4:10  Phoenix (Chrono Boost), Probe (Chrono Boost)  
  45  4:17  Pylon  
  45  4:22  Probe (Chrono Boost)  
  45  4:24  Probe (Chrono Boost)  
  47  4:28  Phoenix, Probe (Chrono Boost)  
  47  4:31  Probe  
  51  4:37  Twilight Council  
  51  4:42  Probe  
  51  4:43  Probe  
  53  4:46  Pylon  
  53  4:49  Stalker  
  55  4:57  Gateway  
  55  4:58  Probe x2 (Chrono Boost)  
  55  5:09  Blink (Chrono Boost)  
  55  5:10  Probe (Chrono Boost)  
  55  5:12  Shield Battery  
  57  5:15  Probe (Chrono Boost)  
  57  5:17  Probe (Chrono Boost)  
  58  5:22  Dark Shrine  
  58  5:23  Probe  
  58  5:27  Probe  
  60  5:29  Pylon  
  60  5:33  Assimilator  
  60  5:35  Pylon  
  60  5:43  Gateway  
  62  5:53  Stalker x2  
  64  5:59  Probe x2  
  64  6:03  Gateway, Pylon  
  66  6:08  Pylon  
  66  6:13  Gateway  
  66  6:18  Stalker  
  66  6:19  Stalker  
  70  6:29  Pylon  
  70  6:36  Probe  
  70  6:37  Probe  
  72  6:41  Dark Templar  
  72  6:43  Dark Templar x2  
  72  6:46  Pylon  
  78  6:47  Pylon  
  78  6:50  Forge  
  76  7:12  Stalker, Nexus  
  78  7:16  Stalker x2, Protoss Ground Weapons Level 1 (Chrono Boost)  
  82  7:23  Stalker  
  82  7:26  Robotics Facility  
  84  7:31  Probe x2  
  84  7:32  Pylon  
  86  7:40  Stalker x2  
  86  7:43  Probe x2  
  88  7:56  Probe x2  
  90  8:00  Stalker x2  
  90  8:04  Stalker x2  
  98  8:14  Observer (Chrono Boost)  
  98  8:19  Gateway, Charge  
  99  8:21  Gateway  
  99  8:24  Photon Cannon  
  99  8:29  Gateway  
  99  8:34  Sentry  
  99  8:35  Observer (Chrono Boost)  
  99  8:36  Sentry  
  99  8:40  Probe (Chrono Boost)  
  105  8:52  Probe (Chrono Boost)  
  105  8:54  Stalker x2  
  110  9:01  Stalker x2  
  113  9:05  Pylon  
  113  9:15  Stalker x2  
  95  9:29  Dark Templar x4  
  95  9:30  Zealot, Protoss Ground Weapons Level 2 (Chrono Boost)  
  105  9:35  Archon x2  
  105  9:37  Warp Prism (Chrono Boost)  
  107  9:50  Nexus  
  107  9:56  Dark Templar x2  
  107  9:57  Zealot  
  113  10:02  Archon  
  113  10:04  Observer, Zealot x3  
  119  10:08  Zealot  
  119  10:09  Zealot  
  123  10:32  Zealot x2  
  123  10:33  Zealot x6  
  139  10:51  Immortal (Chrono Boost)  
  115  10:57  Stalker x3  
  115  10:58  Stalker x3  
  109  11:12  Stalker x2  
  99  11:21  Warp Prism (Chrono Boost)  
  99  11:22  Stalker x3  
  99  11:31  Observer  
  99  11:32  Probe x2  
  95  11:33  Probe x2  
  89  11:40  Stalker x3  
  89  11:41  Stalker  
  97  11:50  Stalker x3  
  97  11:53  Stalker  
  87  12:13  Dark Templar  
  77  12:16  Zealot x2, Dark Templar x2  
  77  12:17  Zealot x3  
  83  12:24  Gateway  
  79  12:38  Probe (Chrono Boost)  
  79  12:40  Assimilator  
  79  12:41  Assimilator  
  79  12:42  Archon  
  79  12:43  Dark Templar  
  82  12:47  Zealot, Dark Templar x2  
  82  12:48  Zealot x2, Probe (Chrono Boost)  
  82  12:49  Stalker  
  82  12:51  Stalker  
  97  12:53  Probe (Chrono Boost)  
  97  12:55  Observer  
  97  12:58  Gateway x2, Probe x3  
  101  13:05  Probe  
  98  13:07  Archon  
  98  13:11  Stalker  
  98  13:12  Stalker x3, Archon  
  106  13:13  Warp Prism (Chrono Boost)  
  108  13:25  Probe x4  
  106  13:33  Stalker x3  
  111  13:38  Probe x3  
  111  13:39  Probe  
  113  13:42  Observer  
  113  13:53  Templar Archives  
  117  13:59  Nexus  
  117  14:00  Protoss Ground Weapons Level 3 (Chrono Boost)  
  113  14:08  Psionic Storm  
  112  14:10  Assimilator  
  112  14:11  Assimilator  
  112  14:17  Sentry  
  112  14:18  Sentry  
  112  14:21  Observer  
  116  14:32  Pylon  
  116  14:41  High Templar x2  
  120  14:46  High Templar  
  120  14:50  Probe x3  
  120  14:51  Probe  
  126  14:53  High Templar  
  128  15:00  Nexus  
  128  15:01  Observer (Chrono Boost)  
  128  15:02  Probe x3  
  128  15:03  Probe  
  133  15:10  Dark Templar x2  
  133  15:14  Probe x3  
  137  15:15  Archon  
  136  15:22  Assimilator  
  136  15:23  Assimilator  
  136  15:25  Stalker x6  
  126  15:44  Archon  
  126  15:46  Archon  
  126  15:47  Dark Templar  
  126  15:48  Zealot x4, Dark Templar  
  138  15:51  Probe (Chrono Boost)  
  138  15:54  Archon  
  135  16:01  Probe (Chrono Boost), Pylon  
  139  16:04  Probe x3 (Chrono Boost)  
  139  16:05  Observer  
  139  16:06  Probe (Chrono Boost)  
  118  16:20  Stalker x6  
  113  16:34  Pylon  
  113  16:38  Probe (Chrono Boost), High Templar x3  
  118  16:41  Photon Cannon, Probe (Chrono Boost)  
  118  16:44  Probe (Chrono Boost)  
  117  16:52  Stalker x3, Probe x3 (Chrono Boost)  
  126  17:00  Probe  
  127  17:05  Assimilator  
  127  17:09  Assimilator  
  127  17:10  Dark Templar x2  
  127  17:11  Stalker x2  
  127  17:15  Archon  
  135  17:16  Stalker  
  135  17:17  Stalker  
  139  17:30  Stalker x4  
  103  18:00  Stalker x6  
  103  18:01  Stalker x4  
  105  18:17  Observer  
  105  18:19  Stalker x4  
  114  18:20  Stalker  
  114  18:21  Zealot x3  
  108  18:30  Stalker x2  
  108  18:40  Stalker x4  
  104  18:43  Dark Templar  
  104  18:46  Stalker  
  102  18:51  High Templar  
  98  19:00  High Templar  
  92  19:18  Nexus, High Templar x2  
  96  19:24  Stalker  
  96  19:25  Stalker  
  96  19:29  Observer  
  100  19:32  Pylon  
  100  19:44  Stalker x5  
  76  20:04  Stalker x5  
  80  20:08  Stalker  
  82  20:15  Stalker x2  
  82  20:19  Probe x2  
  86  20:21  Probe x2  
  88  20:35  High Templar  
  88  20:39  High Templar  
  88  20:41  Assimilator, Probe x4  
  88  20:42  Assimilator  
  96  20:46  Probe  
  96  20:51  High Templar  
  96  20:53  Probe x3  
  96  20:56  Probe  
  102  20:58  Probe  
  102  21:03  Stalker x3  
  101  21:05  Probe x2  
  101  21:08  Observer (Chrono Boost)  
  104  21:22  Dark Templar x2  
  108  21:26  Archon  
  108  21:37  Dark Templar  
  108  21:38  Dark Templar  
  112  21:41  Shield Battery  
  112  21:42  Archon  
  112  21:43  Observer, Shield Battery  
  112  21:46  Photon Cannon  
  112  21:49  Photon Cannon, Dark Templar x2  
  112  21:51  Photon Cannon  
  112  21:53  Archon  
  116  21:59  High Templar  
  116  22:01  Nexus x2  
  118  22:03  Observer  
  118  22:20  Pylon  
  118  22:21  Observer, Dark Templar  
  120  22:24  Protoss Ground Armor Level 1 (Chrono Boost)  
  120  22:29  Dark Templar x2  
  124  22:34  Observer  
  124  22:37  Assimilator  
  124  22:39  Photon Cannon  
  124  22:41  Photon Cannon  
  124  22:42  Assimilator  
  124  22:43  Shield Battery  
  124  22:45  Dark Templar x2, Archon  
  128  22:59  Dark Templar x2  
  128  23:00  Archon  
  127  23:09  Archon  
  127  23:10  Observer (Chrono Boost)  
  127  23:12  Stalker x3  
  130  23:13  Zealot x3  
  130  23:18  Probe (Chrono Boost)  
  130  23:19  Probe x3 (Chrono Boost)  
  142  23:20  Probe x2 (Chrono Boost)  
  142  23:21  Probe (Chrono Boost)  
  142  23:23  Observer (Chrono Boost)  
  142  23:26  Stalker  
  142  23:27  Stalker  
  148  23:30  Probe (Chrono Boost)  
  148  23:31  Probe (Chrono Boost)  
  148  23:32  Stalker x2  
  154  23:36  Stalker x4  
  154  23:40  Zealot x2  
  166  23:45  Assimilator  
  166  23:49  Probe  
  166  23:52  Stalker x2  
  171  24:01  Probe  
  172  24:08  Stalker x5  
  150  24:17  Stalker x3  
  150  24:18  Stalker  
  152  24:29  Stalker  
  134  24:39  Stalker x2  
  134  24:40  Stalker x5  
  134  24:43  Observer (Chrono Boost)  
  141  25:01  High Templar  
  141  25:02  High Templar x2  
  141  25:06  Stalker x4  
  153  25:08  Probe x2  
  153  25:09  Probe x2  
  119  25:22  Stalker x3  
Show
View Real Time Build Order
Export as new Build Order

MaxPax Protoss - Winner!

Build Orders: Oracle Opening, Phoenix Opening, Mass Phoenix 

Get SALT Encoding   

  12  0:00  Probe  
  13  0:12  Probe  
  14  0:20  Pylon  
  14  0:24  Probe  
  15  0:38  Probe (Chrono Boost)  
  15  0:42  Gateway  
  16  0:47  Probe (Chrono Boost)  
  16  0:48  Assimilator  
  17  0:52  Probe (Chrono Boost)  
  18  1:04  Probe (Chrono Boost)  
  18  1:07  Assimilator  
  18  1:09  Pylon  
  19  1:16  Probe (Chrono Boost)  
  20  1:21  Probe (Chrono Boost)  
  21  1:30  Cybernetics Core  
  21  1:31  Probe  
  24  1:43  Probe  
  25  1:47  Zealot  
  25  1:55  Probe  
  26  2:08  Stargate  
  26  2:11  Probe  
  27  2:19  Stalker  
  27  2:21  Pylon  
  29  2:37  Nexus  
  29  2:43  Probe  
  30  2:55  Probe  
  30  2:58  Oracle (Chrono Boost)  
  34  3:08  Probe  
  35  3:20  Probe  
  35  3:26  Stargate  
  35  3:27  Phoenix (Chrono Boost)  
  36  3:32  Assimilator, Probe  
  39  3:38  Shield Battery  
  39  3:49  Phoenix (Chrono Boost), Probe  
  39  3:52  Probe  
  43  4:01  Probe  
  40  4:05  Probe  
  40  4:06  Shield Battery  
  40  4:09  Phoenix (Chrono Boost)  
  43  4:13  Probe  
  44  4:17  Probe  
  44  4:18  Assimilator  
  47  4:25  Probe  
  47  4:28  Phoenix (Chrono Boost)  
  47  4:29  Phoenix (Chrono Boost), Probe  
  49  4:36  Pylon  
  49  4:37  Probe  
  50  4:42  Probe  
  51  4:49  Pylon  
  51  4:51  Phoenix (Chrono Boost)  
  52  4:54  Phoenix (Chrono Boost)  
  54  5:06  Probe x2  
  56  5:15  Phoenix (Chrono Boost), Pylon  
  56  5:16  Phoenix (Chrono Boost)  
  56  5:18  Probe  
  56  5:20  Probe  
  60  5:30  Fleet Beacon  
  60  5:33  Probe  
  60  5:35  Probe  
  64  5:48  Pylon  
  64  5:50  Forge  
  64  5:56  Oracle (Chrono Boost)  
  63  5:57  Pylon  
  65  6:20  Void Ray (Chrono Boost)  
  65  6:25  Photon Cannon, Void Ray (Chrono Boost)  
  67  6:30  Probe, Pylon  
  67  6:31  Probe  
  73  6:38  Protoss Air Weapons Level 1  
  73  6:42  Probe, Pylon  
  73  6:43  Probe  
  75  6:47  Robotics Facility  
  75  6:49  Void Ray, Shield Battery  
  75  6:54  Shield Battery  
  75  6:55  Void Ray, Probe  
  84  7:10  Probe x2  
  86  7:18  Flux Vanes  
  86  7:25  Pylon  
  86  7:27  Void Ray  
  86  7:32  Void Ray  
  89  7:43  Probe  
  95  7:45  Immortal (Chrono Boost)  
  95  8:00  Photon Cannon  
  95  8:04  Void Ray  
  95  8:06  Pylon  
  95  8:08  Pylon  
  99  8:17  Observer (Chrono Boost)  
  100  8:20  Void Ray  
  100  8:22  Pylon  
  103  8:28  Probe x2  
  105  8:36  Nexus  
  105  8:41  Void Ray  
  105  8:42  Immortal  
  112  8:55  Shield Battery  
  112  8:56  Photon Cannon  
  112  8:57  Photon Cannon  
  112  9:00  Photon Cannon  
  112  9:03  Photon Cannon  
  112  9:05  Pylon  
  112  9:08  Pylon  
  112  9:13  Robotics Bay  
  112  9:14  Void Ray  
  112  9:19  Void Ray  
  96  9:31  Probe x2  
  102  9:33  Shield Battery  
  102  9:35  Photon Cannon  
  102  9:42  Assimilator  
  102  9:43  Probe x2  
  104  9:46  Assimilator  
  104  9:48  Probe  
  105  9:55  Probe x2  
  107  10:00  Probe  
  107  10:01  Carrier (Chrono Boost)  
  107  10:06  Disruptor (Chrono Boost)  
  117  10:07  Probe x2  
  119  10:25  Void Ray (Chrono Boost)  
  119  10:28  Photon Cannon  
  122  10:36  Stargate  
  122  10:37  Photon Cannon  
  122  10:41  Pylon  
  122  10:42  Photon Cannon  
  122  10:46  Void Ray (Chrono Boost)  
  122  10:55  Void Ray (Chrono Boost)  
  94  11:12  Disruptor  
  91  11:24  Void Ray (Chrono Boost)  
  94  11:28  Void Ray (Chrono Boost)  
  94  11:29  Void Ray (Chrono Boost)  
  100  11:44  Probe  
  101  11:52  Photon Cannon  
  101  11:54  Photon Cannon, Void Ray  
  101  11:57  Photon Cannon, Shield Battery  
  101  11:58  Void Ray  
  101  11:59  Shield Battery  
  105  12:02  Void Ray  
  95  12:10  Probe  
  81  12:16  Probe  
  83  12:24  Probe  
  83  12:27  Probe  
  83  12:28  Probe  
  84  12:31  Void Ray  
  84  12:32  Photon Cannon  
  84  12:34  Observer (Chrono Boost)  
  84  12:36  Probe (Chrono Boost)  
  83  12:39  Shield Battery  
  83  12:40  Pylon  
  83  12:41  Probe (Chrono Boost)  
  83  12:43  Shield Battery  
  88  12:44  Probe (Chrono Boost)  
  88  12:46  Void Ray  
  88  12:47  Pylon  
  89  12:55  Probe (Chrono Boost)  
  89  12:57  Probe (Chrono Boost)  
  95  13:00  Void Ray  
  94  13:06  Observer  
  94  13:07  Probe  
  94  13:08  Probe  
  94  13:10  Probe  
  101  13:14  Void Ray  
  101  13:19  Probe  
  102  13:25  Void Ray  
  106  13:33  Disruptor  
  113  13:39  Probe x2  
  115  13:42  Void Ray  
  115  13:51  Photon Cannon  
  115  13:55  Photon Cannon  
  119  14:02  Probe  
  120  14:08  Probe x2  
  120  14:09  Protoss Air Weapons Level 2 (Chrono Boost)  
  122  14:14  Probe  
  123  14:17  Disruptor  
  126  14:27  Void Ray (Chrono Boost)  
  126  14:30  Void Ray (Chrono Boost)  
  134  14:33  Observer  
  134  14:35  Pylon  
  134  14:39  Pylon  
  134  14:43  Carrier (Chrono Boost)  
  140  15:07  Nexus  
  140  15:19  Void Ray (Chrono Boost)  
  139  15:27  Void Ray (Chrono Boost)  
  147  15:35  Void Ray (Chrono Boost)  
  140  15:39  Disruptor (Chrono Boost)  
  143  15:46  Probe  
  143  15:47  Probe x2  
  143  15:48  Photon Cannon  
  143  15:49  Photon Cannon  
  147  15:55  Photon Cannon  
  147  15:59  Void Ray (Chrono Boost), Probe x2  
  149  16:09  Disruptor (Chrono Boost)  
  153  16:12  Void Ray  
  148  16:18  Void Ray (Chrono Boost)  
  134  16:37  Disruptor (Chrono Boost)  
  134  16:40  Nexus  
  135  16:55  Carrier (Chrono Boost)  
  135  17:00  Pylon  
  141  17:09  Disruptor  
  144  17:19  Photon Cannon  
  144  17:20  Photon Cannon  
  143  17:27  Photon Cannon  
  143  17:32  Shield Battery  
  143  17:45  Void Ray x2  
  123  17:56  Void Ray  
  127  18:14  Nexus  
  127  18:18  Observer  
  128  18:25  Void Ray  
  124  18:35  Void Ray  
  122  18:41  Void Ray  
  122  18:46  Observer (Chrono Boost)  
  127  18:54  Pylon  
  127  19:02  Probe x2  
  129  19:07  Observer (Chrono Boost)  
  123  19:13  Probe  
  123  19:14  Probe  
  123  19:15  Probe  
  123  19:16  Photon Cannon  
  126  19:18  Photon Cannon  
  126  19:22  Void Ray  
  126  19:27  Probe  
  129  19:48  Probe  
  129  19:50  Assimilator x2  
  124  19:57  Pylon  
  108  20:05  Probe x2  
  108  20:06  Disruptor (Chrono Boost)  
  104  20:11  Probe  
  104  20:12  Probe  
  105  20:18  Photon Cannon  
  105  20:20  Photon Cannon  
  105  20:21  Void Ray  
  105  20:22  Shield Battery  
  105  20:23  Probe x2  
  105  20:26  Void Ray, Shield Battery  
  106  20:41  Probe  
  107  20:45  Observer  
  103  20:50  Disruptor (Chrono Boost)  
  103  20:55  Observer  
  106  21:04  Nexus  
  106  21:19  Disruptor (Chrono Boost)  
  106  21:21  Pylon  
  109  21:26  Carrier (Chrono Boost)  
  114  21:36  Photon Cannon  
  114  21:39  Photon Cannon  
  114  21:43  Shield Battery  
  114  21:44  Observer  
  114  21:45  Pylon  
  114  21:51  Disruptor (Chrono Boost)  
  117  21:56  Carrier (Chrono Boost)  
  121  22:20  Carrier (Chrono Boost)  
  121  22:26  Photon Cannon  
  127  22:30  Pylon  
  127  22:32  Photon Cannon  
  127  22:39  Assimilator  
  127  22:42  Probe x2  
  127  22:43  Assimilator  
  129  22:46  Pylon  
  129  22:47  Photon Cannon  
  131  23:04  Probe  
  130  23:10  Robotics Facility  
  130  23:11  Observer  
  136  23:21  Carrier (Chrono Boost)  
  136  23:22  Probe, Pylon  
  136  23:25  Carrier (Chrono Boost)  
  133  23:28  Probe  
  133  23:30  Photon Cannon  
  133  23:32  Observer  
  140  23:46  Probe x3  
  143  24:00  Void Ray  
  146  24:12  Void Ray  
  146  24:16  Void Ray  
  154  24:37  Void Ray  
  154  24:39  Disruptor  
  159  24:46  Fleet Beacon  
  159  24:49  Probe x2  
  160  24:55  Probe  
  158  25:01  Void Ray x2  
  158  25:03  Probe  
  158  25:04  Probe  
  164  25:18  Void Ray  
Tags
 
Add a new tag
Caveats
  • Supply blocks, unpowered buildings, or Contaminate may cause inaccurate times.
  • Supply counts are checked every 10 seconds.